 Dungeon Crawl Stone Soup version 0.26.1-11-gd32895ea62 (webtiles) character file.

Game seed: 8809443375151170519

38920 KamiKatze the Destroyer (level 13, -2/99 HPs)
             Began as a Yellow Draconian Conjurer on May 30, 2021.
             Was an Elder of Vehumet.
             Slain by an eight-headed hydra (7 damage)
             ... on level 4 of the Lair of Beasts on June 1, 2021.
             The game lasted 01:53:31 (19495 turns).

KamiKatze the Destroyer (DrCj)                     Turns: 19495, Time: 01:53:31

Health: -2/99      AC: 12    Str: 10    XL:     13   Next: 66%
Magic:  10/28      EV: 15    Int: 23    God:    Vehumet [****..]
Gold:   1191       SH:  9    Dex: 23    Spells: 11/34 levels left

rFire    . . .     SeeInvis +   y - +3 rapier (venom)
rCold    + . .     Faith    .   R - +3 buckler "Qupul" {Dex+7 SInv Stlth-}
rNeg     + + +     Spirit   .   (armour unavailable)
rPois    .         Reflect  .   (helmet restricted)
rElec    .         Harm     .   E - +0 cloak "Ficenu" {rN+++}
rCorr    +         Rampage  .   F - +1 pair of gloves {archery}
Will     .....                  K - +0 pair of boots
Stlth    ++........             k - amulet of regeneration
HPRegen  0.66/turn              r - +6 ring of dexterity
MPRegen  0.21/turn              P - ring of protection from cold

@: frozen ramparts
A: spit acid, unfitting armour, cold-blooded, acid resistance, AC +8
a: Breathe Acid, Renounce Religion


You were on level 4 of the Lair of Beasts.
You worshipped Vehumet.
Vehumet was greatly pleased with you.
You visited 3 branches of the dungeon, and saw 18 of its levels.
You also visited: Bailey.

You collected 1191 gold pieces.

Inventory:

Hand Weapons
 a - a +1 dagger of venom
 y - a +3 rapier of venom (weapon)
 H - a +4 spear
 L - the +8 dagger "Weim Moe" {freeze, Str+4}
   (You found it on level 9 of the Dungeon)

   It has been specially enchanted to freeze those struck by it, causing extra
   injury to most foes and up to half again as much damage against particularly
   susceptible opponents.
   It can also slow down cold-blooded creatures.
   It affects your strength (+4).
 Q - the +8 hand axe "Goved" {vorpal, rN+, unknown}
   (You found it on level 4 of the Lair of Beasts)

   It inflicts extra damage upon your enemies.
   It protects you from negative energy.
Missiles
 b - 113 poisoned darts (quivered)
 s - 397 stones
Armour
 A - a +2 buckler
 E - the +0 cloak "Ficenu" (worn) {rN+++}
   (You found it in a bailey)

   It renders you almost immune to negative energy.
 F - a +1 pair of gloves of archery (worn)
 K - a +0 pair of boots (worn)
 R - the +3 buckler "Qupul" (worn) {Dex+7 SInv Stlth-}
   (You found it on level 1 of the Lair of Beasts)

   It affects your dexterity (+7).
   It lets you see invisible.
   It makes you less stealthy.
Jewellery
 h - an uncursed ring of positive energy
 k - an amulet of regeneration (around neck)
 r - a +6 ring of dexterity (left hand)
 v - a +4 ring of protection
 I - an uncursed ring of fire
 O - an uncursed ring of see invisible
 P - a ring of protection from cold (right hand)
 S - an uncursed ring of wizardry
 T - an uncursed ring of flight {unknown}
Wands
 c - a wand of random effects (15)
 i - a wand of flame (50)
 J - a wand of enslavement (26)
 M - a wand of acid (8)
 N - a wand of disintegration (13)
Scrolls
 f - 6 scrolls of teleportation
 l - 5 scrolls of remove curse
 o - 5 scrolls of amnesia
 p - 7 scrolls of enchant armour
 B - 2 scrolls of fear {unknown}
 D - a scroll of enchant weapon
 U - a scroll of noise {unknown}
Potions
 d - 8 potions of curing
 e - 6 potions of lignification
 g - 2 potions of invisibility
 j - a potion of flight {unknown}
 m - 2 potions of magic
 n - 3 potions of heal wounds
 q - 2 potions of haste
 t - 2 potions of mutation
 u - a potion of resistance {unknown}
 w - 3 potions of might
 x - a potion of attraction {unknown}
 z - a potion of ambrosia
 C - 2 potions of brilliance
 G - a potion of berserk rage


   Skills:
 + Level 4.7 Fighting
 + Level 3.5 Dodging
 + Level 4.5 Stealth
 - Level 4.0 Shields
 * Level 11.1 Spellcasting
 * Level 12.3 Conjurations
 + Level 8.5 Hexes
 - Level 9.0 Translocations
 * Level 5.6 Fire Magic
 - Level 3.0 Ice Magic
 - Level 3.0 Air Magic
 - Level 3.0 Poison Magic


You had 11 spell levels left.
You knew the following spells:

 Your Spells              Type           Power        Failure   Level
a - Magic Dart            Conj           100%         1%          1
b - Searing Ray           Conj           100%         1%          2
c - Fulminant Prism       Conj/Hex       28%          1%          4
d - Iskenderun's Mystic   Conj/Tloc      58%          1%          4
e - Fireball              Conj/Fire      26%          1%          5
f - Mephitic Cloud        Conj/Pois/Air  40%          1%          3
g - Frozen Ramparts       Ice            52%          1%          3
h - Foxfire               Conj/Fire      100%         1%          1

Your spell library contained the following spells:

 Spells                   Type           Power        Failure   Level
 Lightning Bolt           Conj/Air       24%          1%          5
 Confusing Touch          Hex            51%          1%          3
 Conjure Flame            Conj/Fire      52%          1%          3
 Dazzling Flash           Conj/Hex       100%         1%          3
 Gell's Gravitas          Tloc           26%          1%          3
 Inner Flame              Hex/Fire       45%          1%          3
 Sticky Flame             Conj/Fire      52%          1%          4
 Yara's Violent Unravell  Hex/Tmut       16%          7%          5
 Metabolic Englaciation   Hex/Ice        19%          13%         5
 Petrify                  Tmut/Erth      12%          45%         4


Dungeon Overview and Level Annotations

Branches:
Dungeon (12/15)            Temple (1/1) D:7            Lair (5/6) D:8
 Shoals (0/4) Lair:2        Snake (0/4) Lair:4          Orc (0/2) D:10
 Bailey (visited)
  Slime: Lair:5-6

Altars:
Ashenzari
Cheibriados
Dithmenos
Elyvilon
Fedhas
Gozag
Hepliaklqana
Kikubaaqudgha
Makhleb
Nemelex Xobeh
Okawaru
Qazlal
Ru
Sif Muna
Trog
Uskayaw
Vehumet
Wu Jian
Xom
Yredelemnul
Zin
The Shining One
Jiyva

Shops:
D:4 }   D:5 [   D:8 }   D:10 (?(?(!

Portals:
Trove: D:10 (give +2 gold dragon scales)

Annotations:
D:11 3 runed translucent doors, exclusion: 3 doors, lawnmower's ghost, journeyman DDDe
Lair:5 Nessos


Innate Abilities, Weirdness & Mutations

You can spit globs of acid.
Your golden yellow scales are hard. (AC +8)
You cannot fit into any form of body armour.
You are cold-blooded and may be slowed by cold attacks.
You are resistant to acid. (rCorr)


Message History

The eight-headed hydra completely misses you.
The eight-headed hydra bites you.
* * * LOW HITPOINT WARNING * * *
You block the eight-headed hydra's attack.
The eight-headed hydra closely misses you.
The eight-headed hydra misses you.
You puncture the eight-headed hydra! You tail-slap the eight-headed hydra.
The eight-headed hydra is severely wounded.
The wall freezes the eight-headed hydra.
The eight-headed hydra bites you!
* * * LOW HITPOINT WARNING * * *
You block the eight-headed hydra's attack.
The eight-headed hydra completely misses you.
The eight-headed hydra bites you.
* * * LOW HITPOINT WARNING * * *
The eight-headed hydra bites you!
* * * LOW HITPOINT WARNING * * *
You block the eight-headed hydra's attack.
The eight-headed hydra bites you!
You die...

#..## ###..P# ##.## #...#
####...# ###.# #
#########.##..## ### #
##.P.#.##..###.## #
#.........(.#..P## ###
#................#### ..#
##................##.##
.##
#..........@D.......#.#
..##
##.....#.####.#......###
...#
##....######..........#
..## #...##
#...........## [##
##...####............#
..# #....#....###....[.##
..#
##....#..###....#...####
..#####
#...#.##.#####.####..#.#
......###...##....#.....#
#...###


You could see an eight-headed hydra (very poisoned).

Vanquished Creatures
  Josephine (Lair:4)
  Snorg (D:11)
  8 hydras
  A catoblepas (Lair:3)
  4 two-headed ogres
  An unseen horror (D:10)
  An ugly thing (D:11)
  2 orc knights (Bailey)
  2 manticores (D:11)
  A cyclops (D:11)
  A merfolk siren (Lair:2)
  A centaur zombie (D:11)
  6 elephants
  3 black mambas
  6 cane toads
  8 komodo dragons
  2 rime drakes
  A polar bear (Lair:3)
  3 blink frogs (Lair:4)
  4 wraiths
  A wyvern (Lair:3)
  44 yaks
  Eustachio (D:5)
  A basilisk (Lair:4)
  Grum (D:11)
  A steam dragon (D:8)
  A soldier ant (D:11)
  16 water moccasins
  7 orc warriors
  3 ice beasts
  4 sky beasts
  4 black bears
  An eye of draining (D:4)
  2 centaurs
  A necrophage (D:10)
  4 phantoms
  3 ogres
  15 wolves
  16 bullfrogs
  A water moccasin skeleton (D:5)
  5 scorpions
  11 killer bees
  2 howler monkeys
  9 wights
  An electric eel (D:10)
  3 bullfrog zombies
  A bullfrog skeleton (D:6)
  4 hounds
  A jelly (D:8)
  10 orc priests
  8 iguanas
  18 orc wizards
  4 centaur skeletons
  10 worker ants
  Terence (D:3)
  A hound zombie (D:5)
  4 hound skeletons
  A worker ant zombie (D:7)
  12 adders
  A howler monkey skeleton (D:10)
  A shadow imp (D:9)
  4 white imps
  2 ufetubi
  2 oozes
  An adder zombie (D:7)
  An adder skeleton (D:6)
  6 worms
  3 dart slugs
  7 leopard geckos
  57 orcs
  3 giant cockroaches
  6 goblins
  8 hobgoblins
  13 jackals
  8 kobolds
  3 quokkas
  A ball python (D:1)
  6 bats
  8 frilled lizards
  A jackal skeleton (D:5)
  A leopard gecko skeleton (D:4)
  A leopard gecko zombie (D:5)
  A quokka skeleton (D:9)
  9 rats
444 creatures vanquished.

Vanquished Creatures (others)
  168 fulminant prisms
  75 fungi
  117 plants
360 creatures vanquished.

Grand Total: 804 creatures vanquished

Notes
Turn   | Place    | Note
-------+----------+-------------------------------------------
     0 | D:1      | KamiKatze the Draconian Conjurer began the quest for the
                  | Orb.
     0 | D:1      | Reached XP level 1. HP: 14/14 MP: 3/3
   116 | D:1      | Reached XP level 2. HP: 19/20 MP: 1/5
   119 | D:1      | Learned a level 2 spell: Searing Ray
   172 | D:1      | You fall into a shaft and drop 1 floor!
   172 | D:2      | Found a glowing golden altar of the Shining One.
   787 | D:2      | Found a glowing silver altar of Zin.
   856 | D:2      | Reached XP level 3. HP: 26/26 MP: 2/7
  1788 | D:2      | Reached XP level 4. HP: 30/33 MP: 2/8
  1796 | D:2      | Learned a level 4 spell: Fulminant Prism
  1884 | D:2      | Found a basalt altar of Yredelemnul.
  2565 | D:3      | Reached skill level 5 in Conjurations
  2687 | D:3      | Noticed Terence
  2749 | D:3      | Killed Terence
  2750 | D:3      | Reached XP level 5. HP: 38/38 MP: 0/10
  2756 | D:3      | Learned a level 4 spell: Iskenderun's Mystic Blast
  2851 | D:3      | Found a stormy altar of Qazlal.
  3103 | D:4      | Reached skill level 1 in Hexes
  3105 | D:4      | Noticed an ogre
  3113 | D:4      | Killed an ogre
  3114 | D:4      | Reached skill level 1 in Translocations
  3114 | D:4      | Reached XP level 6. HP: 18/45 MP: 0/11
  3508 | D:4      | Found Tiotriut's Gadget Emporium.
  3676 | D:4      | Found an opulent altar of Gozag.
  3691 | D:4      | Your scales start taking on a golden yellow colour.
  3691 | D:4      | Reached XP level 7. HP: 50/50 MP: 7/13
  3691 | D:4      | Gained mutation: You are resistant to acid. (rCorr) [Yellow
                  | Draconian growth]
  3807 | D:4      | Found a bloodstained altar of Trog.
  3848 | D:4      | Reached skill level 6 in Conjurations
  4187 | D:4      | Found a snail-covered altar of Cheibriados.
  4203 | D:4      | Found a white marble altar of Elyvilon.
  4259 | D:5      | Entered Level 5 of the Dungeon
  4313 | D:5      | Noticed Eustachio
  4692 | D:5      | Found Luskima's Antique Armour Shop.
  4810 | D:5      | Reached skill level 5 in Spellcasting
  4914 | D:5      | Killed Eustachio
  4915 | D:5      | Reached XP level 8. HP: 51/57 MP: 6/15
  4959 | D:5      | Found a broken altar of Ashenzari.
  4963 | D:5      | Saw a vision of the Shoals and the Snake Pit.
  4963 | D:5      | Noticed a shock serpent
  4963 | D:5      | Noticed a black mamba
  4963 | D:5      | Noticed a naga sharpshooter
  4963 | D:5      | Noticed a black mamba
  4963 | D:5      | Noticed a naga warrior
  4963 | D:5      | Noticed a black mamba
  4963 | D:5      | Noticed a naga ritualist
  4963 | D:5      | Noticed a shock serpent
  4963 | D:5      | Noticed a merfolk
  4963 | D:5      | Noticed a merfolk siren
  4963 | D:5      | Noticed a sea snake
  4963 | D:5      | Noticed a wind drake
  4963 | D:5      | Noticed a merfolk
  4963 | D:5      | Noticed a merfolk
  4963 | D:5      | Noticed a merfolk
  4963 | D:5      | Noticed a black mamba
  4963 | D:5      | Noticed a wind drake
  5099 | D:5      | Found a burning altar of Makhleb.
  5720 | D:6      | Found an ornate altar of the Wu Jian Council.
  5743 | D:6      | Found a broken altar of Ashenzari.
  5928 | D:6      | Reached skill level 7 in Conjurations
  6803 | D:7      | Found a staircase to the Ecumenical Temple.
  6811 | Temple   | Entered the Ecumenical Temple
  6888 | Temple   | Became a worshipper of Vehumet
  6974 | D:7      | Reached skill level 5 in Translocations
  7132 | D:7      | Reached XP level 9. HP: 30/62 MP: 9/18
  7511 | D:7      | Reached skill level 5 in Hexes
  8108 | D:8      | Noticed a two-headed ogre
  8127 | D:7      | Killed a two-headed ogre
  8128 | D:7      | Reached skill level 8 in Conjurations
  8152 | D:8      | Reached skill level 1 in Shields
  8220 | D:8      | Reached * piety under Vehumet
  8220 | D:8      | Offered knowledge of Shock by Vehumet.
  8238 | D:8      | Found a blossoming altar of Fedhas.
  8441 | D:8      | Found a hide-covered altar of Uskayaw.
  8445 | D:8      | Noticed a +0 dagger
  8446 | D:8      | Noticed a +0 hand axe
  8485 | D:8      | Noticed a komodo dragon
  8669 | D:8      | Killed a komodo dragon
  8670 | D:8      | Reached XP level 10. HP: 70/70 MP: 4/20
  8673 | D:8      | Reached skill level 1 in Fighting
  9072 | D:8      | Found a staircase to the Lair.
  9282 | D:8      | Found Dut Bolaer's Gadget Boutique.
  9411 | D:9      | Noticed a two-headed ogre
  9418 | D:9      | Killed a two-headed ogre
  9586 | D:9      | Found a flagged portal.
  9593 | Bailey   | Entered a bailey
  9730 | Bailey   | Noticed an orc knight
  9741 | Bailey   | Offered knowledge of Foxfire by Vehumet.
  9748 | Bailey   | Learned a level 1 spell: Foxfire
  9898 | Bailey   | Noticed an orc knight
 10050 | Bailey   | Reached ** piety under Vehumet
 10057 | Bailey   | Killed an orc knight
 10058 | Bailey   | Reached skill level 9 in Conjurations
 10193 | Bailey   | Killed an orc knight
 10307 | Bailey   | Got a bloodstained cloak
 10318 | Bailey   | Identified the cursed +0 cloak "Ficenu" {rN+++} (You found
                  | it in a bailey)
 10521 | D:9      | Found a sacrificial altar of Ru.
 10792 | D:9      | Got a buzzing dagger
 10793 | D:9      | Identified the +8 dagger "Weim Moe" {freeze, Str+4} (You
                  | found it on level 9 of the Dungeon)
 11111 | D:10     | Entered Level 10 of the Dungeon
 11260 | D:10     | Offered knowledge of Mephitic Cloud by Vehumet.
 11261 | D:10     | Reached XP level 11. HP: 82/82 MP: 13/23
 11277 | D:10     | Killed an unseen horror
 11376 | D:10     | Learned a level 3 spell: Mephitic Cloud
 11443 | D:10     | Reached *** piety under Vehumet
 11571 | D:10     | Found a portal to a secret trove of treasure.
 11592 | D:10     | Reached skill level 1 in Fire Magic
 11592 | D:10     | Reached skill level 1 in Poison Magic
 11599 | D:10     | Reached skill level 1 in Air Magic
 11817 | D:10     | Found Paugoine's Antique Weapon Shoppe.
 11820 | D:10     | Offered knowledge of Sticky Flame by Vehumet.
 11938 | D:10     | Found Qiazyfes's Antique Weapon Shoppe.
 12004 | D:10     | Found Gedod's Weapon Boutique.
 12085 | D:10     | Found Zolauc's Magic Scroll Boutique.
 12182 | D:10     | Found Molofiru's Distillery.
 12185 | D:10     | Found a staircase to the Orcish Mines.
 12207 | D:10     | Found Geidaen's Magic Scroll Emporium.
 12490 | D:11     | Noticed Snorg
 12499 | D:11     | Killed Snorg
 12518 | D:11     | Noticed a two-headed ogre
 12528 | D:11     | Killed a two-headed ogre
 12654 | D:11     | Reached **** piety under Vehumet
 12945 | D:11     | Offered knowledge of Frozen Ramparts by Vehumet.
 12950 | D:11     | Learned a level 3 spell: Frozen Ramparts
 13028 | D:11     | Found a runed translucent gate.
 13028 | D:11     | Found a runed translucent gate.
 13028 | D:11     | Found a runed translucent gate.
 13029 | D:11     | Noticed lawnmower's ghost (journeyman DDDe)
 13030 | D:11     | Found a viscous altar of Jiyva.
 13100 | D:11     | Found a shadowy altar of Dithmenos.
 13105 | D:11     | Noticed a two-headed ogre
 13117 | D:11     | Killed a two-headed ogre
 13118 | D:11     | Reached skill level 10 in Conjurations
 13386 | D:11     | Reached skill level 1 in Ice Magic
 13530 | D:11     | Noticed a white ugly thing
 13543 | D:11     | Killed a white ugly thing
 13845 | D:11     | Noticed Grum
 13854 | D:11     | Killed Grum
 14208 | Lair:1   | Entered Level 1 of the Lair of Beasts
 14231 | Lair:1   | Reached XP level 12. HP: 91/91 MP: 16/25
 14584 | Lair:1   | Noticed a five-headed hydra
 14594 | Lair:1   | Killed a five-headed hydra
 14675 | Lair:1   | Noticed an eight-headed hydra
 14723 | Lair:1   | Killed an eight-headed hydra
 14805 | Lair:1   | Noticed a seven-headed hydra
 14815 | Lair:1   | Killed a seven-headed hydra
 14816 | Lair:1   | Reached skill level 11 in Conjurations
 14823 | Lair:1   | Learned a level 5 spell: Fireball
 15024 | Lair:1   | Got a masterwork buckler
 15035 | Lair:1   | Identified the +3 buckler "Qupul" {Dex+7 SInv Stlth-} (You
                  | found it on level 1 of the Lair of Beasts)
 15568 | Lair:2   | Noticed a six-headed hydra
 15607 | Lair:2   | You fall into a shaft and drop 2 floors!
 15690 | Lair:4   | Noticed an eight-headed hydra
 15729 | Lair:4   | Reached skill level 10 in Spellcasting
 15880 | Lair:4   | Reached ***** piety under Vehumet
 15889 | Lair:4   | Offered knowledge of Lightning Bolt by Vehumet.
 16270 | Lair:4   | Noticed an eight-headed hydra
 16281 | Lair:4   | Killed an eight-headed hydra
 16432 | Lair:4   | Reached XP level 13. HP: 92/96 MP: 20/27
 17022 | Lair:2   | Reached skill level 12 in Conjurations
 17079 | Lair:2   | Found a staircase to the Shoals.
 17786 | Lair:3   | Reached skill level 5 in Fire Magic
 18598 | Lair:4   | Got a pitted hand axe
 18806 | Lair:4   | Found a staircase to the Snake Pit.
 18817 | Lair:4   | Noticed Josephine
 18829 | Lair:4   | Killed Josephine
 19462 | Lair:5   | Noticed Nessos
 19495 | Lair:4   | Slain by an eight-headed hydra

Illustrated notes

Levels and vault maps discovered:
D:1:      dpeg_arrival_stone_temple_mockup, layout_loops_ring,
          minmay_pentomino_w4
D:2:      layout_loops_ring, lemuel_crystal_altar, lemuel_crystal_altar,
          grunt_ministairs_12, serial_bayou_pond_e, glass_columns_a,
          glass_columns_a, yredelemnul_altar_generic
D:3:      layout_basic, nicolae_overflow_hidden_temple, uniq_terence
D:4:      layout_loops_cross, lemuel_doored_altar, general_overflow_altar,
          cheibriados_altar_1, trog_eyes_of_draining, serial_shops,
          nicolae_shop_stone
D:5:      layout_loops_ring, lemuel_coloured_pillars_altar, serial_shops, shop,
          grunt_ashenzari_visionary [grunt_ashenzari_visionary_shoals,
          grunt_ashenzari_visionary_snake], uniq_eustachio
D:6:      layout_layer_cave, overflow_temple_1_default, lemuel_crystal_altar
D:7:      layout_loops_ring, minmay_temple_entry_proselytizer
D:8:      layout_basic, fedhas_bush_and_centaur_altar, dancing_weapons_uskayaw,
          due_lair_maze_entry_diamond, serial_shops, shop
D:9:      layout_basic, kennysheep_little_box, enter_bailey_2
D:10:     minmay_flawed_box, layout_loops_ring, orc_0_dummy,
          nicolae_trove_entry_isolated, serial_glass, glass_columns_a,
          glass_columns_b, glass_columns_b, glass_columns_a, glass_columns_c,
          glass_columns_a, serial_shops, shop, shop, nicolae_shop_crystal,
          nicolae_shop_stone, shop_statue, kennysheep_diamond,
          minmay_stone_trees_small
D:11:     layout_grid_maze, gauntlet_entry_generic, basic_altar,
          gammafunk_ghost_ooze, minmay_misc_feat_columns, uniq_grum, uniq_snorg
D:12:     layout_basic, minmay_fractal_squares_gapless_7
Temple:   jpeg_temple_island
Lair:1:   beast_lair_carwin_large_2, layout_loops_ring, lemuel_fruit_tree
Lair:2:   layout_regular_city, minmay_shoals_entry_lonely_mermaid,
          lemuel_fruit_fields
Lair:3:   layout_regular_city
Lair:4:   layout_cave_pods, minmay_snake_entry_six_corridors,
          grunt_megastairs_2, serial_bayou_shore_b, uniq_josephine
Lair:5:   mu_elephants_graveyard, layout_regular_city, serial_bayou_pond_d,
          uniq_nessos

Skill      XL: |  1  2  3  4  5  6  7  8  9 10 11 12 13 |
---------------+----------------------------------------+-----
Stealth        | 2 3 4 |  4.5
Dodging        | 2 3 |  3.5
Spellcasting   | 3 4 5 6 8 9 10 11 | 11.1
Conjurations   | 5 6 7 8 9 10 11 12 | 12.3
Hexes          | 1 2 3 4 5 6 7 8 |  8.5
Translocations | 1 2 3 5 6 7 8 9 |  9.0
Shields        | 4 |  4.0
Fighting       | 3 4 |  4.7
Fire Magic     | 3 4 5 |  5.6
Poison Magic   | 3 |  3.0
Air Magic      | 3 |  3.0
Ice Magic      | 2 3 |  3.0

Action                   |  1- 3 |  4- 6 |  7- 9 | 10-12 | 13-15 || total
-------------------------+-------+-------+-------+-------+-------++-------
Melee: Spear             |    82 |    96 |    49 |       |       ||   227
       Unarmed           |     4 |       |       |       |       ||     4
       Tailslap          |     5 |     6 |    16 |    21 |    28 ||    76
       Rapier            |       |       |    11 |   117 |   101 ||   229
Throw: Dart              |       |       |     1 |     3 |       ||     4
 Cast: Magic Dart        |    31 |    23 |    27 |    38 |     4 ||   123
       Searing Ray       |     6 |    23 |    69 |    86 |    11 ||   195
       Fulminant Prism   |       |       |    20 |   104 |    45 ||   169
       Iskenderun's Myst |       |       |     5 |    15 |     9 ||    29
       Frozen Ramparts   |       |       |       |    23 |    18 ||    41
  Use: Scroll            |       |       |     6 |    12 |     3 ||    21
 Stab: Sleeping          |       |     1 |     2 |       |     1 ||     4
       Distracted        |       |     1 |       |       |       ||     1
Armor: Skin              |    19 |    24 |    39 |    65 |    49 ||   196
Dodge: Dodged            |    58 |    64 |    83 |   100 |   101 ||   406
Block: Buckler           |       |       |       |    76 |    73 ||   149
